Map: Lightshade LE

Players

Reynor - Winner!

  • Race: Zerg Zerg
  • League: Master

HeroMarine

  • Race: Terran Terran
  • League: Grandmaster

Event: ASUS ROG Fall 2021

VOD

Have the link to the VOD?

Description

Time

  • Played on: Sept. 19, 2021, 9:11 a.m.
  • Length: 14:21

All games in this series

Show
View Real Time Build Order
Export as new Build Order

Reynor Zerg - Winner!

Build Orders: Hatch First, Lurkers 

Get SALT Encoding   

  12  0:00  Drone  
  13  0:12  Overlord  
  13  0:16  Drone  
  14  0:30  Drone x2  
  16  0:48  Hatchery  
  15  0:50  Drone  
  15  0:54  Drone  
  17  0:57  Drone  
  18  1:08  Extractor  
  17  1:12  Spawning Pool  
  17  1:15  Drone  
  17  1:18  Drone  
  18  1:27  Drone  
  19  1:38  Drone  
  20  1:49  Overlord  
  20  2:00  Queen x2  
  20  2:01  Zergling x4  
  26  2:10  Drone  
  26  2:11  Drone  
  26  2:13  Metabolic Boost  
  28  2:21  Drone  
  28  2:22  Drone  
  30  2:24  Spore Crawler  
  30  2:36  Hatchery  
  30  2:37  Drone  
  30  2:38  Drone  
  31  2:45  Queen  
  31  2:49  Overlord  
  33  2:52  Drone  
  33  2:54  Drone  
  33  2:56  Drone  
  36  3:08  Queen  
  36  3:10  Drone x3  
  41  3:13  Overlord  
  41  3:16  Drone  
  41  3:17  Drone  
  41  3:18  Drone  
  44  3:31  Queen  
  44  3:32  Drone  
  47  3:35  Drone  
  47  3:36  Overlord  
  47  3:40  Drone x2  
  50  3:45  Zergling x4  
  50  3:47  Queen  
  50  3:48  Overlord  
  54  3:49  Drone  
  54  3:53  Queen  
  54  3:55  Drone  
  58  4:01  Overlord  
  58  4:08  Drone x3  
  61  4:11  Queen  
  61  4:14  Overlord  
  61  4:16  Zergling x4  
  65  4:17  Drone  
  65  4:20  Drone x2  
  65  4:22  Drone  
  65  4:24  Queen  
  69  4:28  Spore Crawler  
  69  4:30  Baneling Nest  
  69  4:31  Drone  
  69  4:34  Drone x2  
  69  4:35  Drone  
  69  4:38  Overlord  
  72  4:46  Drone x2  
  72  4:47  Lair  
  72  4:48  Spore Crawler, Extractor  
  72  4:51  Spore Crawler  
  71  4:58  Zergling x6  
  71  4:59  Drone x4  
  78  5:00  Drone  
  78  5:01  Drone  
  78  5:02  Drone  
  78  5:03  Drone  
  82  5:08  Queen  
  82  5:11  Zergling x4  
  82  5:13  Overlord  
  86  5:15  Baneling x2  
  86  5:16  Baneling x2  
  86  5:17  Drone x3  
  86  5:19  Drone  
  90  5:31  Overlord  
  90  5:34  Hatchery, Drone x3  
  90  5:35  Drone  
  93  5:36  Drone x3  
  93  5:39  Overlord  
  93  5:41  Drone x2  
  98  5:43  Overlord  
  98  5:44  Centrifical Hooks  
  98  5:45  Extractor  
  98  5:46  Drone  
  97  5:50  Queen  
  97  5:55  Overlord  
  99  6:01  Zergling x10  
  99  6:04  Drone x2  
  106  6:05  Baneling x3  
  106  6:07  Overlord  
  106  6:15  Zergling x4  
  106  6:16  Zergling x8  
  107  6:23  Queen, Extractor  
  107  6:24  Extractor x2  
  101  6:26  Overlord  
  101  6:27  Drone x2  
  101  6:29  Overseer  
  103  6:34  Queen, Zergling x8  
  103  6:36  Roach Warren  
  103  6:37  Evolution Chamber, Drone x2  
  103  6:38  Evolution Chamber  
  103  6:39  Drone x3  
  111  6:49  Spore Crawler, Zergling x6  
  111  6:51  Baneling x6  
  113  6:58  Drone x2  
  113  6:59  Overlord  
  113  7:01  Drone x6  
  121  7:02  Drone  
  121  7:03  Drone  
  121  7:04  Drone  
  121  7:05  Drone, Zerg Ground Armor Level 1  
  121  7:07  Overlord  
  125  7:10  Zerg Melee Weapons Level 1  
  125  7:11  Drone, Hydralisk Den  
  125  7:12  Drone  
  125  7:13  Overlord  
  127  7:19  Overlord  
  127  7:23  Drone x3  
  127  7:25  Baneling  
  127  7:26  Baneling x7  
  127  7:29  Overlord  
  125  7:33  Queen  
  125  7:42  Zergling x20  
  125  7:43  Zergling x6  
  138  7:46  Baneling x10, Extractor  
  138  7:50  Muscular Augments  
  137  7:55  Hydralisk x3  
  137  7:56  Infestation Pit  
  137  7:58  Pneumatized Carapace  
  142  8:01  Hydralisk  
  142  8:02  Zergling x4  
  142  8:04  Baneling x2  
  146  8:07  Hatchery  
  146  8:10  Spore Crawler  
  146  8:12  Drone x4  
  148  8:15  Spore Crawler x2  
  146  8:20  Hydralisk  
  146  8:21  Hydralisk x3  
  146  8:23  Zergling x8  
  146  8:24  Overseer, Zergling x6  
  146  8:27  Baneling x7  
  161  8:33  Overlord  
  161  8:37  Hive  
  161  8:38  Zergling x14  
  161  8:39  Zergling x2  
  169  8:44  Zergling x4  
  169  8:46  Hydralisk, Zergling x6  
  176  8:51  Zergling x6  
  179  8:57  Lurker Den  
  179  8:59  Drone  
  178  9:03  Zergling x14  
  178  9:07  Overlord  
  178  9:09  Zergling x4  
  185  9:19  Extractor  
  185  9:22  Drone x8  
  192  9:25  Zerg Ground Armor Level 2  
  192  9:26  Zerg Melee Weapons Level 2  
  192  9:28  Hydralisk  
  192  9:29  Zergling x10  
  192  9:30  Zergling x2  
  188  9:31  Overlord  
  174  9:42  Drone x3  
  174  9:43  Queen, Drone  
  174  9:45  Zergling x18  
  184  9:51  Viper x2  
  187  9:53  Viper  
  187  9:54  Hydralisk x6  
  200  10:00  Zergling x4  
  200  10:05  Drone, Seismic Spines  
  200  10:06  Drone  
  200  10:07  Extractor  
  200  10:08  Extractor  
  200  10:11  Spore Crawler  
  200  10:12  Spine Crawler  
  200  10:13  Adrenal Glands  
  196  10:20  Grooved Spines  
  196  10:29  Baneling x3  
  186  10:39  Zergling x2  
  186  10:40  Zergling x38  
  186  10:41  Overlord  
  179  10:42  Hatchery  
  179  10:47  Hydralisk  
  179  10:48  Zergling x4  
  179  10:49  Lurker  
  169  10:51  Hydralisk x2, Lurker x3  
  169  10:52  Zergling x6  
  169  10:53  Zergling x4  
  181  11:00  Lurker x3  
  181  11:03  Zergling x6  
  181  11:06  Hatchery  
  181  11:11  Adaptive Talons  
  179  11:18  Zergling x16  
  187  11:30  Hydralisk x2  
  187  11:31  Hydralisk x2  
  188  11:46  Zergling x12  
  188  11:47  Zergling x2  
  195  11:50  Zergling x12  
  184  12:08  Queen  
  184  12:13  Zergling x30  
  195  12:17  Baneling x7  
  195  12:19  Burrow  
  195  12:20  Drone x4  
  198  12:32  Baneling x7  
  197  12:38  Nydus Network  
  197  12:43  Zergling x8  
  185  12:56  Hydralisk  
  185  12:57  Zergling x28  
  185  12:58  Zergling x2  
  173  13:01  Zergling x16  
  173  13:02  Zergling x6  
  170  13:10  Hydralisk x4  
  170  13:11  Zergling x2  
  179  13:14  Lurker x5  
  179  13:19  Zergling x12  
  190  13:28  Hatchery  
  190  13:29  Zergling x14  
  190  13:31  Zergling x6  
  199  13:40  Nydus Canal  
  194  13:50  Zergling x10  
  199  14:01  Zergling x30  
Show
View Real Time Build Order
Export as new Build Order

HeroMarine Terran 

Build Orders: Reaper Expand 

Get SALT Encoding   

  12  0:00  SCV  
  13  0:12  SCV  
  14  0:17  Supply Depot  
  14  0:24  SCV  
  15  0:38  SCV  
  15  0:40  Barracks  
  16  0:43  Refinery  
  16  0:50  SCV  
  17  1:02  SCV  
  18  1:15  SCV  
  19  1:27  Reaper, Orbital Command  
  20  1:38  Command Center  
  20  1:48  Supply Depot  
  20  1:52  SCV  
  21  1:58  Marine  
  22  2:04  SCV  
  23  2:13  Factory  
  23  2:16  Marine, SCV  
  25  2:28  SCV  
  26  2:36  Barracks Reactor  
  26  2:37  Command Center  
  26  2:41  SCV  
  27  2:50  Orbital Command  
  27  2:53  SCV  
  28  3:00  Starport  
  28  3:02  Refinery  
  28  3:05  SCV  
  29  3:17  SCV x2  
  29  3:18  Hellion x2  
  35  3:26  Marine  
  36  3:29  SCV x2  
  38  3:39  Hellion  
  38  3:40  Hellion  
  43  3:41  SCV x2  
  43  3:43  Fusion Core  
  43  3:44  Starport Tech Lab  
  44  3:51  Orbital Command  
  44  3:53  SCV  
  45  3:56  SCV  
  45  3:58  Supply Depot  
  46  4:04  Hellion  
  46  4:05  Refinery, SCV  
  46  4:08  Hellion  
  51  4:10  SCV  
  52  4:17  SCV x2  
  52  4:22  Supply Depot, SCV  
  55  4:29  SCV  
  55  4:30  SCV  
  57  4:33  Supply Depot  
  57  4:36  Battlecruiser  
  63  4:41  Hellion  
  63  4:42  Hellion  
  63  4:44  Barracks Tech Lab, SCV  
  68  4:46  SCV  
  68  4:47  SCV  
  68  4:50  Refinery  
  70  4:54  Supply Depot  
  70  4:59  SCV x2  
  73  5:07  Weapon Refit  
  73  5:09  Orbital Command  
  73  5:10  Supply Depot  
  73  5:11  SCV x2  
  73  5:12  Hellion x2  
  78  5:16  Stimpack  
  78  5:17  Marine, Supply Depot  
  79  5:23  SCV x2  
  79  5:26  Supply Depot  
  81  5:35  SCV x2  
  82  5:40  SCV  
  82  5:41  Battlecruiser  
  90  5:47  SCV x2  
  92  5:50  Barracks  
  92  5:51  Barracks  
  92  5:52  SCV  
  92  5:56  Marine  
  94  5:58  Factory Reactor  
  94  5:59  SCV  
  94  6:00  SCV  
  94  6:01  Engineering Bay x2  
  97  6:04  SCV  
  97  6:11  SCV  
  97  6:12  Barracks, SCV  
  97  6:13  Barracks  
  97  6:16  SCV  
  96  6:20  Marine  
  96  6:24  SCV x2  
  99  6:27  Terran Infantry Weapons Level 1, Factory, Terran Infantry Armor Level 1  
  99  6:28  SCV  
  100  6:36  SCV x2  
  100  6:37  Refinery  
  100  6:39  Supply Depot  
  102  6:40  Supply Depot  
  102  6:46  SCV  
  103  6:47  Barracks  
  103  6:48  SCV x2  
  103  6:50  Barracks  
  103  6:51  Marine x4  
  103  6:52  Marine, Starport Reactor  
  110  6:56  Combat Shield  
  110  7:06  Supply Depot  
  110  7:07  Command Center  
  110  7:08  Barracks Reactor x2  
  110  7:09  Marine x2, Siege Tank  
  110  7:10  Factory Tech Lab  
  110  7:14  Marine x2  
  117  7:18  Marine  
  117  7:21  Refinery  
  116  7:27  Marine x2  
  103  7:31  Siege Tank  
  103  7:32  Marine x2, Medivac x2  
  112  7:39  Barracks Reactor x2  
  112  7:42  Marine  
  112  7:43  Barracks Tech Lab  
  113  7:44  Marine x3  
  113  7:45  Marine  
  113  7:50  Marine x2  
  119  7:53  Supply Depot  
  119  7:54  Supply Depot, Siege Tank  
  119  7:55  Supply Depot  
  119  7:56  SCV x3  
  125  7:59  Marine  
  125  8:01  Marine, Medivac  
  125  8:02  Marine x4, Medivac  
  125  8:03  Concussive Shells, Siege Tank  
  138  8:07  Marine  
  138  8:08  Armory, Marine  
  140  8:17  Marine  
  140  8:19  Marine  
  142  8:22  Marine x2  
  142  8:23  Marine x4  
  142  8:25  Marine x2  
  142  8:26  Barracks  
  150  8:27  Marine x2  
  152  8:36  Marauder, Medivac x2  
  152  8:37  Marauder, Siege Tank  
  152  8:40  Marine x3  
  152  8:41  Marine, Siege Tank  
  170  8:53  SCV  
  170  8:54  SCV x2  
  170  8:55  Marine x4  
  176  8:57  Marauder  
  176  8:58  Marine  
  180  9:04  Marine  
  180  9:06  Refinery  
  180  9:07  Marine x4  
  180  9:08  Marauder, Planetary Fortress  
  176  9:12  Marine  
  176  9:13  Marine x3  
  176  9:16  Supply Depot  
  180  9:17  Barracks Tech Lab  
  180  9:18  Supply Depot, Medivac x2  
  180  9:21  Marine x2  
  186  9:25  Terran Infantry Weapons Level 2, SCV  
  187  9:37  Marine x2, Marauder  
  187  9:38  Marine x3  
  182  9:39  Marauder  
  182  9:41  Refinery  
  182  9:43  SCV x2  
  182  9:45  SCV x2  
  176  9:46  Sensor Tower  
  176  9:49  Marauder  
  178  9:55  SCV x2  
  178  9:57  SCV x2, Siege Tank  
  178  9:58  Marauder  
  187  10:01  Siege Tank  
  190  10:08  Marauder  
  190  10:09  Marine x2  
  190  10:11  Marauder  
  190  10:13  Marine  
  190  10:14  Marine x2  
  197  10:17  Command Center  
  197  10:21  Marine  
  199  10:27  Marauder  
  200  10:30  Ghost Academy  
  200  10:31  Factory  
  200  10:39  Marine  
  200  10:40  Marine  
  185  10:44  SCV x3  
  185  10:45  SCV, Siege Tank x2  
  185  10:49  Marine x2, Marauder x2  
  186  10:56  SCV x3  
  186  10:57  Marauder, SCV  
  192  11:02  Marine x4  
  196  11:07  Marine  
  196  11:08  SCV  
  196  11:10  Marauder, Enhanced Shockwaves  
  196  11:14  Supply Depot  
  196  11:15  Terran Infantry Armor Level 2  
  196  11:16  Factory Tech Lab  
  196  11:17  Terran Vehicle And Ship Armor Level 1  
  195  11:28  Medivac x2  
  195  11:29  Marauder x2  
  195  11:32  Marauder  
  196  11:45  Marine x2  
  192  11:47  Siege Tank x2  
  192  11:48  Marine x2  
  192  11:52  Marine x2  
  192  11:57  Marine  
  192  11:59  Siege Tank  
  192  12:00  Medivac x2  
  188  12:01  Marine x3  
  188  12:02  Marine x2  
  188  12:06  Marine  
  188  12:07  Marine  
  193  12:19  Siege Tank  
  199  12:26  Ghost x2  
  199  12:27  Ghost  
  196  12:31  Missile Turret  
  196  12:33  Missile Turret  
  193  12:37  Missile Turret  
  193  12:41  Refinery  
  193  12:42  Orbital Command  
  193  12:43  Planetary Fortress  
  190  12:49  Command Center, Marine x2  
  186  12:52  Marine  
  186  12:53  Marine x4  
  186  12:54  Marine  
  186  12:55  Marine, Ghost x3  
  186  12:56  Siege Tank  
  186  12:58  Marine  
  170  13:03  SCV x3  
  163  13:07  Marine x2, Medivac x2  
  163  13:10  Marine x2  
  163  13:11  Marine x2  
  173  13:15  SCV x4  
  177  13:25  SCV  
  178  13:27  SCV x4  
  184  13:37  SCV  
  184  13:39  SCV x3, Siege Tank x3  
  195  13:46  SCV  
  191  13:49  SCV  
Tags
 
Add a new tag
Caveats
  • Supply blocks, unpowered buildings, or Contaminate may cause inaccurate times.
  • Supply counts are checked every 10 seconds.